 Dungeon Crawl Stone Soup version 0.28.0-43-g3370ac3207 (webtiles) character file.

Game seed: 13878820168160553139

3963 pkoi the Grappler (level 10, -5/81 (83) HPs)
             Began as a White Draconian Monk on Mar 10, 2022.
             Was an Initiate of Gozag.
             Killed by divine providence
             ... invoked by a meliai
              (13 damage)
             ... on level 8 of the Dungeon.
             The game lasted 00:12:37 (10980 turns).

pkoi the Grappler (White Draconian Monk)           Turns: 10980, Time: 00:12:37

HP:   -5/81 (83)    AC:  8    Str: 14    XL:     10   Next: 2%
MP:   14/14         EV: 14    Int: 15    God:    Gozag
Gold: 1043          SH:  5    Dex: 13    Spells: 10/15 levels left

rFire   . . .      SeeInvis .     - Unarmed
rCold   + + .      Faith    .   (no shield)
rNeg    . . .      Spirit   .   (armour unavailable)
rPois   .          Reflect  +   (helmet restricted)
rElec   .          Harm     .   (no cloak)
rCorr   .          Rampage  .   j - +0 pair of gloves
Will    .....                   (no boots)
Stlth   ++........              o - amulet of reflection
HPRegen 0.23/turn               k - ring of protection from cold
MPRegen 0.14/turn               (no ring)

@: lethally poisoned (-5 -> -15), lightly drained
A: breathe frost, AC +7, unfitting armour, cold resistance 1, cold-blooded
a: Breathe Frost, Renounce Religion, Potion Petition, Call Merchant, Bribe
Branch


You were on level 8 of the Dungeon.
You worshipped Gozag.
Gozag was most pleased with you.
You visited 1 branch of the dungeon, and saw 8 of its levels.

You collected 1043 gold pieces.

Inventory:

Hand Weapons
 t - a +2 whip of freezing
Missiles
 d - 5 javelins (quivered)
 n - 3 throwing nets
 s - 4 boomerangs of dispersal
Armour
 j - a +0 pair of gloves (worn)
Magical Staves
 e - a staff of cold
Jewellery
 k - a ring of protection from cold (left hand)
 o - an amulet of reflection (around neck)
 p - an amulet of the acrobat
 u - a ring of protection from fire
Wands
 a - a wand of acid (1)
 h - a wand of flame (2)
 l - a wand of iceblast (7)
 q - a wand of polymorph (5)
Scrolls
 c - 5 scrolls of teleportation
 m - a scroll of silence
 r - 2 scrolls of magic mapping
 v - a scroll of identify
Potions
 b - 2 potions of heal wounds
 f - a potion of ambrosia
 g - 2 potions of curing
 i - a potion of flight


   Skills:
 - Level 6.0 Fighting
 - Level 6.0 Dodging
 - Level 1.7 Stealth
 + Level 9.1 Unarmed Combat
 + Level 3.0 Spellcasting
 + Level 2.5 Hexes
 + Level 3.0 Translocations
 + Level 3.3 Ice Magic
 - Level 6.0 Evocations


You had 10 spell levels left.
You knew the following spells:

 Your Spells              Type           Power      Damage    Failure   Level
a - Blink                 Tloc           22%        N/A       9%          2
b - Apportation           Tloc           22%        N/A       6%          1
c - Ensorcelled Hibernat  Hex/Ice        22%        N/A       9%          2

Your spell library contained the following spells:

 Spells                   Type           Power      Damage    Failure   Level
 Lesser Beckoning         Tloc           11%        N/A       17%         3
 Animate Skeleton         Necr           4%         N/A       21%         1
 Sandblast                Erth           4%         2d4       21%         1
 Summon Small Mammal      Summ           8%         N/A       21%         1
 Passwall                 Tmut/Erth      1%         N/A       30%         2
 Stone Arrow              Conj/Erth      4%         3d7       52%         3
 Swiftness                Air            2%         N/A       52%         3
 Leda's Liquefaction      Hex/Erth       3%         N/A       75%         4
 Manifold Assault         Tloc           11%        N/A       85%         5
 Iron Shot                Conj/Erth      1%         9d1       100%        6
 Lehudib's Crystal Spear  Conj/Erth      1%         10d2      100%        8
 Animate Armour           Summ/Erth      Unusable   N/A       N/A         4

Dungeon Overview and Level Annotations

Branches:
Dungeon (8/15)             Temple (0/1) D:7
   Lair: D:8-11

Altars:
Gozag

Shops:
D:1 *


Innate Abilities, Weirdness & Mutations

You can breathe waves of freezing cold which knock back foes.
Your icy white scales are hard. (AC +7)
You cannot fit into any form of body armour.
Your flesh is cold resistant. (rC+)
You are cold-blooded and may be slowed by cold attacks.


Message History

You feel very sick.
An orc comes into view. It is wielding a +0 flail.
The meliai mumbles some strange prayers to its god against you.
Something smites you!
* * * LOW HITPOINT WARNING * * *
Press: ? - help, v - describe, . - travel, g - get item
Here: a gnoll shaman, wielding a +0 whip and wearing a +0 leather armour (heavily wounded) Item here: 11 gold pieces.
The floor, spattered with blood.
Unknown command.
You feel better.
The gnoll shaman hits you with a +0 whip.
* * * LOW HITPOINT WARNING * * *
Press: ? - help, v - describe, . - travel
Here: a meliai, wielding a +0 hand axe and wearing a +0 robe The floor.
The meliai calls down the wrath of its god upon you.
Something smites you!
* * * LOW HITPOINT WARNING * * *
The meliai is distracted by your dazzling golden aura.
A white imp comes into view.
The orc is distracted by your dazzling golden aura.
The meliai is no longer distracted by gold.
The white imp is distracted by your dazzling golden aura.
The orc is no longer distracted by gold.
The meliai hits you with a +0 hand axe.
* * * LOW HITPOINT WARNING * * *
The meliai stings you.
* * * LOW HITPOINT WARNING * * *
You are lethally poisoned!
The meliai poisons you!
* * * LOW HITPOINT WARNING * * *
You feel very sick. The meliai closely misses you. x2
* * * LOW HITPOINT WARNING * * *
You feel very sick.
The meliai calls down the wrath of its god upon you.
Something smites you!
You die...
Your body crumbles into a pile of gold.

#...#.....#.....#.....#
##.............o.(.....
##....................
######..#............
#...............
##..##..........
####..gy.......
#...........
####@....##. #....###
###..# ###


You could see a meliai, a gnoll shaman and an orc.

Vanquished Creatures
  Pikel (D:8)
  Sigmund (D:5)
  A wraith (D:7)
  A yak (D:7)
  2 water moccasins
  3 orc warriors
  3 ice beasts
  A sky beast (D:5)
  3 black bears
  A boggart (D:8)
  3 ogres
  2 phantoms
  2 kobold brigands (D:8)
  A bullfrog (D:6)
  3 scorpions
  2 water moccasin skeletons
  5 wights (D:7)
  A centaur zombie (D:4)
  A centaur skeleton (D:7)
  2 jellies (D:6)
  A gnoll shaman (D:6)
  An orc priest (D:7)
  4 hounds
  3 iguanas
  2 bullfrog skeletons (D:6)
  Ijyb (D:3)
  2 orc wizards
  A scorpion zombie (D:5)
  A hound zombie (D:5)
  7 adders
  4 gnolls (D:7)
  2 white imps
  An ufetubus (D:5)
  2 worms
  3 dart slugs
  15 orcs
  6 bats
  6 endoplasms
  2 giant cockroaches (D:1)
  8 goblins
  10 hobgoblins
  4 jackals (D:3)
  A quokka (D:3)
  5 ball pythons
  A frilled lizard (D:2)
  6 kobolds
  6 rats
144 creatures vanquished.

Notes
Turn   | Place    | Note
-------+----------+-------------------------------------------
     0 | D:1      | pkoi the Draconian Monk began the quest for the Orb.
     0 | D:1      | Reached XP level 1. HP: 19/19 MP: 1/1
   226 | D:1      | Reached XP level 2. HP: 26/26 MP: 2/2
   354 | D:1      | Found Nuxookha's General Store.
   612 | D:2      | Found a faded altar of an unknown god.
   638 | D:2      | Reached skill level 4 in Unarmed Combat
   659 | D:2      | Reached XP level 3. HP: 29/31 MP: 3/3
  1304 | D:2      | Reached skill level 5 in Unarmed Combat
  1304 | D:2      | Reached XP level 4. HP: 12/38 MP: 4/4
  1622 | D:2      | Learned a level 2 spell: Blink
  1839 | D:3      | Noticed a black bear
  2109 | D:3      | Found an opulent altar of Gozag.
  2158 | D:3      | Became a worshipper of Gozag Ym Sagoz the Greedy
  2394 | D:3      | Killed a black bear
  2395 | D:3      | Reached XP level 5. HP: 27/46 MP: 5/5
  2577 | D:3      | Noticed Ijyb
  2587 | D:3      | Killed Ijyb
  3694 | D:4      | Reached XP level 6. HP: 37/53 MP: 6/6
  3870 | D:4      | Reached skill level 1 in Evocations
  4077 | D:3      | Reached skill level 6 in Unarmed Combat
  4271 | D:5      | Entered Level 5 of the Dungeon
  4273 | D:5      | Noticed a sky beast
  4304 | D:5      | Your scales start taking on an icy white colour.
  4304 | D:5      | Reached XP level 7. HP: 51/60 MP: 7/7
  4304 | D:5      | Gained mutation: Your flesh is cold resistant. (rC+) [White
                  | Draconian growth]
  4463 | D:5      | Got the Papyrus of the Mountains
  4627 | D:5      | Reached skill level 5 in Fighting
  5341 | D:5      | Noticed Sigmund
  5498 | D:5      | Killed Sigmund
  5499 | D:5      | Reached skill level 1 in Spellcasting
  5499 | D:5      | Reached skill level 1 in Translocations
  5657 | D:5      | Reached XP level 8. HP: 63/69 MP: 10/10
  7028 | D:6      | Learned a level 1 spell: Apportation
  7399 | D:6      | Reached skill level 7 in Unarmed Combat
  7528 | D:6      | Reached skill level 5 in Dodging
  7936 | D:7      | Found a staircase to the Ecumenical Temple.
  8419 | D:7      | Reached XP level 9. HP: 64/75 MP: 13/13
  8836 | D:7      | Reached skill level 5 in Evocations
  9093 | D:8      | Noticed Maggie
  9179 | D:7      | Reached skill level 8 in Unarmed Combat
  9947 | D:8      | Noticed Maggie
  9947 | D:8      | Maggie changed into Maggie the boggart
  9951 | D:8      | Killed Maggie the boggart
 10130 | D:8      | Learned a level 2 spell: Ensorcelled Hibernation
 10178 | D:8      | Noticed Pikel
 10200 | D:8      | Killed Pikel
 10201 | D:8      | Reached skill level 9 in Unarmed Combat
 10201 | D:8      | Reached skill level 1 in Hexes
 10719 | D:8      | Reached XP level 10. HP: 39/79 MP: 14/14
 10980 | D:8      | Killed from afar by a meliai

Illustrated notes

Levels and vault maps discovered:
D:1:      dpeg_arrival_central, layout_rooms, serial_shops, shop
D:2:      layout_rooms, ebering_ecumenical_altar_webs,
          hangedman_decor_clover_reticule
D:3:      layout_basic, nicolae_gozag_seed_capital, st_stairs_5,
          interstate_on_off, uniq_ijyb
D:4:      layout_loops_ring
D:5:      layout_layer_cave, uniq_sigmund
D:6:      layout_cave_pools, st_stairs_7, chequers_serial_rivers_micro_d
D:7:      layout_basic, temple_pool_b
D:8:      hangedman_cross_stitches, layout_cave_pools, uniq_maurice, uniq_grum,
          uniq_pikel, uniq_maggie

Skill      XL: |  1  2  3  4  5  6  7  8  9 |
---------------+----------------------------+-----
Unarmed Combat | 4 5 6 7 9 |  9.1
Fighting       | 4 5 6 |  6.0
Dodging        | 3 4 5 6 |  6.0
Evocations     | 1 2 4 6 |  6.0
Spellcasting   | 1 3 |  3.0
Translocations | 1 3 |  3.0
Hexes          | 2 |  2.5
Ice Magic      | 3 |  3.3
Stealth        | |  1.7

Action                   |  1- 3 |  4- 6 |  7- 9 | 10-12 || total
-------------------------+-------+-------+-------+-------++-------
Melee: Unarmed           |   117 |   175 |   430 |    14 ||   736
       Punch             |     2 |     7 |    20 |     1 ||    30
       Tailslap          |     9 |    21 |    71 |     1 ||   102
 Cast: Apportation       |       |       |     2 |       ||     2
 Abil: Breathe Frost     |       |       |     8 |       ||     8
Evoke: Wand              |       |     4 |    17 |       ||    21
  Use: Scroll            |       |     6 |     7 |       ||    13
       Potion            |       |     4 |     1 |     1 ||     6
 Stab: Sleeping          |     6 |     3 |     5 |       ||    14
       Distracted        |       |       |     1 |       ||     1
Armor: Skin              |    35 |    50 |    73 |     3 ||   161
Dodge: Dodged            |    76 |   115 |   235 |     8 ||   434
Block: Other             |       |       |    56 |     1 ||    57
